 Dungeon Crawl Stone Soup version 0.21-a0-344-g2144152 (webtiles) character file.

1108 Amnesiac the Destroyer (level 8, -6/58 HPs)
             Began as a Gnoll Conjurer on Oct 4, 2017.
             Was a Follower of Ashenzari.
             Mangled by a wyvern zombie (8 damage)
             ... on level 6 of the Dungeon.
             The game lasted 00:07:08 (4199 turns).

Amnesiac the Destroyer (Gnoll Conjurer)             Turns: 4199, Time: 00:07:09

Health: -6/58      AC:  3    Str: 10    XL:     8   Next: 33%
Magic:  5/16       EV: 16    Int: 19    God:    Ashenzari [*.....]
Gold:   151        SH:  0    Dex: 17    Spells: 13/18 levels left

rFire    . . .     SeeInvis .   h - +1 mace (holy)
rCold    + + .     Gourm    .   (no shield)
rNeg     . . .     Faith    .   a - +0 robe
rPois    .         Spirit   .   (no helmet)
rElec    .         Reflect  .   B - +0 cloak
rCorr    .         Harm     .   (no gloves)
MR       .....                  (no boots)
Stlth    +++.......             y - amulet of rage
HPRegen  0.19/turn              g - ring of protection from cold
MPRegen  0.15/turn              k - ring of protection from cold

@: no status effects
A: distributed training, fangs 1, strong nose
a: Curse Item, Scrying, Renounce Religion, Evoke Berserk Rage


You were on level 6 of the Dungeon.
You worshipped Ashenzari.
Ashenzari was aware of your devotion.
You were not hungry.

You visited 2 branches of the dungeon, and saw 7 of its levels.

You collected 151 gold pieces.

Inventory:

Hand Weapons
 h - a +1 mace of holy wrath (weapon)
 j - a +2 short sword of flaming
 J - a +0 blowgun
Missiles
 n - a throwing net
 w - 9 poisoned needles
 G - 5 curare-tipped needles
Armour
 a - a +0 robe (worn)
 B - a +0 cloak (worn)
Jewellery
 g - a ring of protection from cold (left hand)
 k - a ring of protection from cold (right hand)
 y - an amulet of rage (around neck)
 A - an uncursed ring of ice
Wands
 u - a wand of polymorph (4/24)
Scrolls
 e - a scroll of random uselessness {!r, unknown}
 l - 2 scrolls of fear {!r, unknown}
 p - 2 scrolls of magic mapping {!r, unknown}
 r - 2 scrolls of remove curse {!r}
 v - 2 scrolls of teleportation {!r, unknown}
 z - 2 scrolls of identify {!r, unknown}
 F - a scroll of amnesia {!r, unknown}
 I - a scroll of immolation {!r, unknown}
Potions
 i - 3 potions of ambrosia {!q, unknown}
 m - 2 potions of lignification {!q, unknown}
 o - a potion of resistance {!q, unknown}
 q - a potion of brilliance {!q, unknown}
 s - 2 potions of degeneration {!q, unknown}
 t - 5 potions of flight {!q, unknown}
 C - 2 potions of curing {!q, unknown}
 E - a potion of magic {!q, unknown}
 H - a potion of heal wounds {!q, unknown}
Books
 b - a book of Conjurations

   Spells                             Type                      Level
   a - Magic Dart                     Conjuration                  1
   b - Searing Ray                    Conjuration                  2
   c - Dazzling Spray                 Conjuration/Hexes            3
   d - Fulminant Prism                Conjuration/Hexes            4
   e - Force Lance                    Conjuration/Translocation    4
   f - Iskenderun's Mystic Blast      Conjuration                  4
Comestibles
 c - 4 bread rations
 d - 9 fruits
 f - a meat ration
 x - 3 chunks of flesh
 D - 3 royal jellies


   Skills:
 + Level 3.1 Fighting
 + Level 3.1 Short Blades
 + Level 3.1 Long Blades
 + Level 3.1 Axes
 + Level 3.1 Maces & Flails
 + Level 3.1 Polearms
 + Level 3.1 Staves
 + Level 3.1 Slings
 + Level 3.1 Bows
 + Level 3.1 Crossbows
 + Level 3.1 Throwing
 + Level 3.1 Armour
 + Level 5.6 Dodging
 + Level 5.2 Stealth
 + Level 3.1 Shields
 + Level 3.1 Unarmed Combat
 + Level 5.9 Spellcasting
 + Level 9.1 Conjurations
 + Level 3.1 Hexes
 + Level 3.1 Charms
 + Level 3.1 Summonings
 + Level 3.1 Necromancy
 + Level 3.1 Translocations
 + Level 3.1 Transmutations
 + Level 3.1 Fire Magic
 + Level 3.1 Ice Magic
 + Level 3.1 Air Magic
 + Level 3.1 Earth Magic
 + Level 3.1 Poison Magic
 + Level 3.1 Invocations
 + Level 3.1 Evocations


You had 13 spell levels left.
You knew the following spells:

 Your Spells              Type           Power        Failure   Level  Hunger
a - Magic Dart            Conj           ####         1%          1    None
s - Fulminant Prism       Conj/Hex       ####......   9%          4    ####...


Dungeon Overview and Level Annotations

Branches:
Dungeon (6/15)             Temple (1/1) D:4

Altars:
Ashenzari
Cheibriados
Elyvilon
Gozag
Kikubaaqudgha
Makhleb
Okawaru
Ru
Uskayaw
Vehumet
Xom
Yredelemnul
Zin
The Shining One

Shops:
D:6 (

Annotations:
D:6 Sigmund


Innate Abilities, Weirdness & Mutations

Your experience applies equally to all skills.
You have very sharp teeth.
Your uncanny sense of smell can sniff out nearby items.


Message History

The bullfrog skeleton hits you.
Casting: Magic Dart
Confirm with . or Enter, or press ? or * to list all spells.
Aiming: Magic Dart
Press: ? - help, Shift-Dir - straight line, f - bullfrog skeleton
Aim: a bullfrog skeleton The magic dart hits the bullfrog skeleton.
The bullfrog skeleton is lightly damaged.
The bullfrog skeleton closely misses you.
Casting: Magic Dart
Confirm with . or Enter, or press ? or * to list all spells.
Aiming: Magic Dart
Press: ? - help, Shift-Dir - straight line, f/p - bullfrog skeleton
Aim: a bullfrog skeleton (lightly damaged)
The magic dart hits the bullfrog skeleton.
The bullfrog skeleton is moderately damaged.
The bullfrog skeleton completely misses you.
Casting: Magic Dart
Confirm with . or Enter, or press ? or * to list all spells.
Aiming: Magic Dart
Press: ? - help, Shift-Dir - straight line, f/p - bullfrog skeleton
Aim: a bullfrog skeleton (moderately damaged)
The magic dart hits the bullfrog skeleton.
The bullfrog skeleton is moderately damaged.
The bullfrog skeleton barely misses you.
The bullfrog skeleton hits you.
Casting: Magic Dart
Confirm with . or Enter, or press ? or * to list all spells.
Aiming: Magic Dart
Press: ? - help, Shift-Dir - straight line, f/p - bullfrog skeleton
Aim: a bullfrog skeleton (moderately damaged)
The magic dart hits the bullfrog skeleton.
The bullfrog skeleton is heavily damaged.
The bullfrog skeleton closely misses you.
You barely miss the bullfrog skeleton.
The bullfrog skeleton is heavily damaged.
The bullfrog skeleton misses you.
A wyvern zombie comes into view.
You hit the bullfrog skeleton.
The bullfrog skeleton convulses.
The bullfrog skeleton is severely damaged.
The bullfrog skeleton hits you.
The bullfrog skeleton closely misses you.
You hit the bullfrog skeleton.
The bullfrog skeleton convulses.
You destroy the bullfrog skeleton!
Sigmund the Dreaded comes into view.
Ashenzari warns you: He is wielding a scythe of venom.
Casting: Magic Dart
Confirm with . or Enter, or press ? or * to list all spells.
Okay, then.
Sigmund drinks a potion.
Sigmund suddenly seems more agile.
Sigmund looks at you with fury.
A leopard gecko skeleton comes into view.
Sigmund mumbles some strange words.
Sigmund flickers and vanishes!
Deactivating autopickup; reactivate with Ctrl-A.
The wyvern zombie bites you!
* * * LOW HITPOINT WARNING * * *
The wyvern zombie bites you!
* * * LOW HITPOINT WARNING * * *
There is a stone staircase leading up here.
The wyvern zombie bites you!
* * * LOW HITPOINT WARNING * * *
The wyvern zombie bites you!
You die...

...# #.# #<.# #.# #..#
#.# #.... #.# #.##.#
#.# #.##.# #.# #.##.#
#.# ##### #.##.#
#>###...# #.##.#
#####....@..###### #.#
#....###Z.......... #.#
#..................
#.###..#.###.#÷#..#####
####.........###.>.#.#
.....Z...[........##<#
..#..###.#...###.###.#
.....# #.##.....∩..O.#
###†.# #.#######.#.###


You could see a wyvern zombie.

Vanquished Creatures
  A phantom (D:5)
  An ice beast (D:5)
  An ogre (D:5)
  Blork the orc (D:4)
  A scorpion (D:5)
  A howler monkey (D:6)
  A crimson imp (D:5)
  2 bullfrog zombies (D:5)
  A centaur zombie (D:5)
  A centaur skeleton (D:4)
  4 hounds
  A jelly (D:5)
  An orc priest (D:5)
  A bullfrog skeleton (D:6)
  2 orc wizards (D:5)
  3 worker ants (D:5)
  The ghost of Amnesiac the Digger, a weakling GnEE (D:4)
  A howler monkey zombie (D:5)
  5 adders
  A howler monkey skeleton (D:4)
  2 oozes
  4 adder skeletons
  4 worms
  4 dart slugs
  3 leopard geckos
  9 orcs
  A ball python (D:1)
  4 bats
  3 giant cockroaches
  3 hobgoblins
  10 jackals
  6 kobolds
  2 quokkas
  3 frilled lizards
  3 goblins
  A jackal zombie (D:6)
  2 leopard gecko skeletons (D:5)
  10 rats
105 creatures vanquished.

Vanquished Creatures (others)
  2 fulminant prisms (D:4)
2 creatures vanquished.

Grand Total: 107 creatures vanquished

Notes
Turn   | Place    | Note
-------+----------+-------------------------------------------
     0 | D:1      | Amnesiac the Gnoll Conjurer began the quest for the Orb.
     0 | D:1      | Reached XP level 1. HP: 13/13 MP: 6/6
   155 | D:2      | Reached XP level 2. HP: 19/19 MP: 5/7
   269 | D:3      | Reached XP level 3. HP: 25/25 MP: 5/9
   288 | D:4      | Reached skill level 5 in Spellcasting
   368 | D:4      | Reached skill level 1 in Fighting
   368 | D:4      | Reached skill level 1 in Short Blades
   368 | D:4      | Reached skill level 1 in Long Blades
   368 | D:4      | Reached skill level 1 in Axes
   368 | D:4      | Reached skill level 1 in Maces & Flails
   368 | D:4      | Reached skill level 1 in Polearms
   368 | D:4      | Reached skill level 1 in Staves
   368 | D:4      | Reached skill level 1 in Slings
   368 | D:4      | Reached skill level 1 in Bows
   368 | D:4      | Reached skill level 1 in Crossbows
   368 | D:4      | Reached skill level 1 in Throwing
   368 | D:4      | Reached skill level 1 in Armour
   368 | D:4      | Reached skill level 1 in Shields
   368 | D:4      | Reached skill level 1 in Unarmed Combat
   368 | D:4      | Reached skill level 1 in Hexes
   368 | D:4      | Reached skill level 1 in Charms
   368 | D:4      | Reached skill level 1 in Summonings
   368 | D:4      | Reached skill level 1 in Necromancy
   368 | D:4      | Reached skill level 1 in Translocations
   368 | D:4      | Reached skill level 1 in Transmutations
   368 | D:4      | Reached skill level 1 in Fire Magic
   368 | D:4      | Reached skill level 1 in Ice Magic
   368 | D:4      | Reached skill level 1 in Air Magic
   368 | D:4      | Reached skill level 1 in Earth Magic
   368 | D:4      | Reached skill level 1 in Poison Magic
   368 | D:4      | Reached skill level 1 in Invocations
   368 | D:4      | Reached skill level 1 in Evocations
   368 | D:4      | Reached XP level 4. HP: 21/32 MP: 2/11
   409 | D:4      | Found a staircase to the Ecumenical Temple.
   414 | Temple   | Entered the Ecumenical Temple
   471 | Temple   | Became a worshipper of Ashenzari the Shackled
  1179 | D:1      | You fall through a shaft!
  1791 | D:3      | Reached XP level 5. HP: 37/37 MP: 6/12
  1803 | D:3      | Learned a level 4 spell: Fulminant Prism
  1823 | D:3      | Found a faded altar of an unknown god.
  1848 | D:3      | You fall through a shaft!
  1848 | D:4      | Noticed Blork the orc
  1848 | D:4      | Noticed Amnesiac's ghost (weakling GnEE)
  1861 | D:4      | Killed Amnesiac's ghost
  1865 | D:4      | Killed Blork the orc
  2014 | D:3      | Reached XP level 6. HP: 23/44 MP: 13/13
  2417 | D:3      | Found a burning altar of Makhleb.
  2721 | D:5      | Entered Level 5 of the Dungeon
  2731 | D:5      | Noticed an ice beast
  2742 | D:5      | Killed an ice beast
  2742 | D:5      | Reached skill level 5 in Dodging
  2759 | D:5      | Found a shimmering altar of Xom.
  2871 | D:5      | Reached XP level 7. HP: 33/50 MP: 6/15
  3498 | D:5      | Reached * piety under Ashenzari
  3510 | D:5      | Reached skill level 5 in Stealth
  3510 | D:5      | Reached skill level 9 in Conjurations
  3678 | D:5      | Reached XP level 8. HP: 56/57 MP: 5/16
  3874 | D:6      | Found Bikoga's Antique Weapon Boutique.
  4005 | D:6      | Noticed a hand axe
  4009 | D:6      | Found a snail-covered altar of Cheibriados.
  4009 | D:6      | Noticed a hand axe
  4013 | D:6      | Found a hide-covered altar of Uskayaw.
  4186 | D:6      | Noticed Sigmund
  4199 | D:6      | HP: 2/58 [wyvern zombie (11)]
  4199 | D:6      | Mangled by a wyvern zombie

Vault maps used:
D:1:      dpeg_arrival_short_road
D:2:      first_bread, lightli_corner_chamber
D:3:      chequers_ecumenical_altar_simple, makhleb_heckhound_becter
D:4:      minmay_temple_entry_trees, uniq_blork_the_orc
D:5:      basic_altar
D:6:      cheibriados_altar_1, fedhas_altar_2, dancing_weapons_uskayaw,
          serial_shops, nicolae_shop_crystal, minmay_bent, uniq_sigmund
Temple:   nicolae_temple_hex_pool

Skill      XL: |  1  2  3  4  5  6  7  8 |
---------------+-------------------------+-----
Spellcasting   | 5 |  5.9
Fighting       | 1 2 3 |  3.1
Short Blades   | 1 2 3 |  3.1
Long Blades    | 1 2 3 |  3.1
Axes           | 1 2 3 |  3.1
Maces & Flails | 1 2 3 |  3.1
Polearms       | 1 2 3 |  3.1
Staves         | 1 2 3 |  3.1
Slings         | 1 2 3 |  3.1
Bows           | 1 2 3 |  3.1
Crossbows      | 1 2 3 |  3.1
Throwing       | 1 2 3 |  3.1
Armour         | 1 2 3 |  3.1
Shields        | 1 2 3 |  3.1
Unarmed Combat | 1 2 3 |  3.1
Hexes          | 1 2 3 |  3.1
Charms         | 1 2 3 |  3.1
Summonings     | 1 2 3 |  3.1
Necromancy     | 1 2 3 |  3.1
Translocations | 1 2 3 |  3.1
Transmutations | 1 2 3 |  3.1
Fire Magic     | 1 2 3 |  3.1
Ice Magic      | 1 2 3 |  3.1
Air Magic      | 1 2 3 |  3.1
Earth Magic    | 1 2 3 |  3.1
Poison Magic   | 1 2 3 |  3.1
Invocations    | 1 2 3 |  3.1
Evocations     | 1 2 3 |  3.1
Dodging        | 5 |  5.6
Stealth        | 5 |  5.2
Conjurations   | 9 |  9.1

Action                   |  1- 3 |  4- 6 |  7- 9 || total
-------------------------+-------+-------+-------++-------
Melee: Mace              |       |    20 |    29 ||    49
       Bite              |       |       |     2 ||     2
       Punch             |       |       |     1 ||     1
 Cast: Magic Dart        |    34 |   129 |   150 ||   313
       Fulminant Prism   |       |     2 |       ||     2
 Stab: Sleeping          |       |     3 |       ||     3
  Eat: Chunk             |       |     6 |     4 ||    10
Armor: Robe              |       |     4 |    10 ||    14
Dodge: Dodged            |     3 |    28 |    57 ||    88

Table legend:
 A = Spawn XP
 B = Non-spawn XP
 C = Spawn XP percentage of total XP
 D = Spawn monster count
 E = Non-spawn monster count
 F = Spawn count percentage of total count
 G = Total turns spent on level
                    A         B        C        D         E        F      G
               +---------+---------+-------+---------+---------+-------+---------
         Total |       0 |    1584 |   0.0 |       0 |     105 |   0.0 |  4199
               +---------+---------+-------+---------+---------+-------+---------
           D:1 |       0 |      35 |   0.0 |       0 |      18 |   0.0 |   707
           D:2 |       0 |      46 |   0.0 |       0 |      18 |   0.0 |   645
           D:3 |       0 |     104 |   0.0 |       0 |      18 |   0.0 |   742
           D:4 |       0 |     192 |   0.0 |       0 |       9 |   0.0 |   597
           D:5 |       0 |    1048 |   0.0 |       0 |      32 |   0.0 |  1275
           D:6 |       0 |     159 |   0.0 |       0 |      10 |   0.0 |   143
               +---------+---------+-------+---------+---------+-------+---------
